 Dungeon Crawl Stone Soup version 0.23.2-40-g277498a001 (webtiles) character file.

Game seed: 5881791988323420671

271 Curus the Insei (level 6, -3/43 HPs)
             Began as a Merfolk Transmuter on Sept 29, 2019.
             Slain by a river rat (4 damage)
             ... on level 4 of the Dungeon.
             The game lasted 00:17:51 (3998 turns).

Curus the Insei (Merfolk Transmuter)                Turns: 3998, Time: 00:17:52

Health: -3/43      AC:  2    Str: 15    XL:     6   Next: 23%
Magic:  8/9        EV: 13    Int: 15    God:
Gold:   134        SH:  0    Dex: 14    Spells: 5/9 levels left

rFire    . . .     SeeInvis .     - Unarmed
rCold    . . .     Gourm    .   (no shield)
rNeg     . . .     Faith    +   b - +0 robe
rPois    .         Spirit   .   (no helmet)
rElec    .         Reflect  .   (no cloak)
rCorr    .         Harm     .   (no gloves)
MR       .....                  (no boots)
Stlth    +.........             i - amulet of faith
HPRegen  0.14/turn              (no ring)
MPRegen  0.11/turn              (no ring)

@: mighty, appendage
A: change form in water, swift swim, stealthy swim, horns 2
a: End Transformation


You were on level 4 of the Dungeon.
You were not hungry.
You had grown temporary horns.
You visited 1 branch of the dungeon, and saw 4 of its levels.

You collected 134 gold pieces.

Inventory:

Missiles
 a - 82 arrows
Armour
 b - a +0 robe (worn)
Jewellery
 c - an uncursed amulet of magic regeneration
 i - an amulet of faith (around neck)
Scrolls
 e - 4 scrolls of identify
 f - a scroll of amnesia
 j - a scroll of fear
Potions
 g - 2 potions of curing
 h - 2 potions of flight
 k - 3 potions of heal wounds
Comestibles
 d - 11 rations


   Skills:
 - Level 1.1 Fighting
 - Level 2.6 Dodging
 + Level 6.3 Unarmed Combat
 - Level 2.0 Spellcasting
 - Level 4.1 Transmutations
 - Level 2.3 Poison Magic


You had 5 spell levels left.
You knew the following spells:

 Your Spells              Type           Power        Failure   Level  Hunger
a - Beastly Appendage     Tmut           ##....       4%          1    #......
b - Spider Form           Tmut/Pois      ##........   17%         3    ###....

Your spell library contained the following spells:

 Spells                   Type           Power        Failure   Level  Hunger
 Sticks to Snakes         Tmut           ##......     6%          2    ###....
 Confusing Touch          Hex            #.....       22%         1    #......
 Summon Small Mammal      Summ           #...         22%         1    #......
 Call Imp                 Summ           #.......     32%         2    ###....
 Call Canine Familiar     Summ           #.......     54%         3    ###....
 Confuse                  Hex            #.......     54%         3    ###....
 Gell's Gravitas          Tloc           #.........   54%         3    ###....
 Summon Guardian Golem    Hex/Summ       #.......     54%         3    ###....
 Ice Form                 Ice/Tmut       #.......     67%         4    #####..
 Petrify                  Tmut/Erth      #.......     67%         4    #####..
 Blade Hands              Tmut           ##........   73%         5    ######.
 Summon Ice Beast         Ice/Summ       #.......     91%         4    #####..
 Summon Lightning Spire   Summ/Air       #.......     91%         4    #####..
 Yara's Violent Unravell  Hex/Tmut       #.........   95%         5    ######.
 Metabolic Englaciation   Hex/Ice        #.........   99%         5    ######.


Dungeon Overview and Level Annotations

Branches:
Dungeon (4/15)             Temple (0/1) D:4

Altars:
Dithmenos
Kikubaaqudgha

Shops:
D:4 :


Innate Abilities, Weirdness & Mutations

You revert to your normal form in water You are very nimble and swift while swimming.
You are very stealthy in the water. (Stealth+)
You have a pair of horns on your head.


Message History

You see here a potion of heal wounds.
k - 3 potions of heal wounds (gained 1)
You barely miss the river rat. The river rat bites you!
You hit the river rat.
The river rat is moderately wounded.
The river rat bites you!
You hit the river rat.
The river rat is almost dead.
The river rat bites you!
* * * LOW HITPOINT WARNING * * *
Casting: Beastly Appendage (safe; 4% risk of failure)
Confirm with . or Enter, or press ? or * to list all spells.
You grow a pair of large bovine horns.
The river rat bites you!
* * * LOW HITPOINT WARNING * * *
You barely miss the river rat.
The river rat is almost dead.
You closely miss the river rat. Your headbutt misses the river rat.
The river rat is almost dead.
The river rat bites you.
You die...

# ### #. ... #..
... #... ###
#..≈≈ ##
#...≈≈##########
#. #..r@......>#
#. ###########.#
#. #.# ##. #.#
##.. #.# ##..#
#.# #..## #.#
##.## #.# ##..#
#.###..##


You could see a river rat.

Vanquished Creatures
  An ogre (D:4)
  Jessica (D:2)
  A worker ant (D:4)
  5 adders
  4 worms
  4 dart slugs
  A leopard gecko (D:4)
  2 orcs (D:4)
  2 bats (D:2)
  2 giant cockroaches
  6 goblins
  7 hobgoblins
  12 jackals
  8 kobolds
  A quokka (D:4)
  2 ball pythons
  5 frilled lizards
  A leopard gecko skeleton (D:4)
  4 rats (D:3)
69 creatures vanquished.

Vanquished Creatures (others)
  A human (D:3)
1 creature vanquished.

Grand Total: 70 creatures vanquished

Notes
Turn   | Place    | Note
-------+----------+-------------------------------------------
     0 | D:1      | Curus the Merfolk Transmuter began the quest for the Orb.
     0 | D:1      | Reached XP level 1. HP: 15/15 MP: 3/3
    62 | D:1      | Reached XP level 2. HP: 9/21 MP: 5/5
   284 | D:1      | Reached skill level 4 in Unarmed Combat
   753 | D:2      | Found a faded altar of an unknown god.
   765 | D:2      | Found a shadowy altar of Dithmenos.
   820 | D:2      | Reached XP level 3. HP: 14/26 MP: 6/6
   831 | D:2      | Learned a level 3 spell: Spider Form
  1364 | D:2      | Noticed Jessica
  1374 | D:2      | Killed Jessica
  1374 | D:2      | Reached skill level 1 in Poison Magic
  1374 | D:2      | Reached XP level 4. HP: 8/32 MP: 4/7
  2904 | D:3      | Reached XP level 5. HP: 37/37 MP: 8/8
  3252 | D:3      | Found an ancient bone altar of Kikubaaqudgha.
  3255 | D:3      | Noticed a human
  3256 | D:3      | Killed a human
  3561 | D:4      | Found Wuzynir's Book Emporium.
  3578 | D:4      | Reached skill level 5 in Unarmed Combat
  3774 | D:4      | Found a staircase to the Ecumenical Temple.
  3799 | D:4      | Noticed an ogre
  3825 | D:4      | Killed an ogre
  3825 | D:4      | Reached skill level 6 in Unarmed Combat
  3825 | D:4      | Reached XP level 6. HP: 12/43 MP: 4/9
  3996 | D:4      | HP: 1/43 [river rat (10)]
  3998 | D:4      | Slain by a river rat

Skill      XL: |  1  2  3  4  5 |
---------------+----------------+-----
Unarmed Combat | 4 6 |  6.3
Transmutations | 3 4 |  4.1
Poison Magic   | 1 2 |  2.3
Fighting       | |  1.1
Dodging        | |  2.6
Spellcasting   | |  2.0

Action                   |  1- 3 |  4- 6 || total
-------------------------+-------+-------++-------
Melee: Unarmed           |    71 |   171 ||   242
       Headbutt          |     5 |     7 ||    12
       Punch             |     2 |     2 ||     4
 Cast: Beastly Appendage |    10 |    11 ||    21
       Spider Form       |     1 |     4 ||     5
  Use: Scroll            |     4 |     2 ||     6
       Potion            |     3 |     1 ||     4
 Stab: Sleeping          |     1 |     2 ||     3
  Eat: Ration            |     1 |       ||     1
       Chunk             |       |     8 ||     8
Armor: Robe              |     5 |    20 ||    25
       Skin              |       |     2 ||     2
Dodge: Dodged            |    37 |   114 ||   151
